 Dungeon Crawl Stone Soup version 0.27.1-3-gb3d3a73c9e (webtiles) character file.

Game seed: 5315974147587866439

11 AZSletch the Poker (level 2, 18/22 HPs)
             Began as a Demonspawn Gladiator on Oct 6, 2021.
             Was a Follower of Sif Muna.
             Quit the game on level 1 of the Dungeon.
             The game lasted 00:00:55 (69 turns).

AZSletch the Poker (Demonspawn Gladiator)             Turns: 69, Time: 00:00:55

Health: 18/22      AC:  7    Str: 14    XL:     2   Next: 13%
Magic:  2/2        EV: 10    Int:  9    God:    Sif Muna [*.....]
Gold:   0          SH:  0    Dex: 14    Spells: 1/1 levels left

rFire    . . .     SeeInvis .   a - +0 trident
rCold    . . .     Faith    .   (no shield)
rNeg     . . .     Spirit   .   e - +0 scale mail
rPois    .         Reflect  .   c - +0 helmet
rElec    .         Harm     .   (no cloak)
rCorr    .         Rampage  .   (no gloves)
Will     .....                  (no boots)
Stlth    ..........             (no amulet)
HPRegen  0.07/turn              (no ring)
MPRegen  0.08/turn              (no ring)

@: no status effects
A: spiny 1
a: Renounce Religion, Channel Magic


You were on level 1 of the Dungeon.
You worshipped Sif Muna.
Sif Muna was aware of your devotion.
You visited 1 branch of the dungeon, and saw 1 of its levels.

Inventory:

Hand Weapons
 a - a +0 trident (weapon)
Missiles
 d - 3 throwing nets (quivered)
 f - 30 stones
Armour
 b - a +0 leather armour
 c - a +0 helmet (worn)
 e - a +0 scale mail (worn)


   Skills:
 + Level 2.2 Fighting
 + Level 2.9 Polearms
 - Level 1.7 Throwing
 + Level 0.5 Armour
 + Level 2.8 Dodging


You had one spell level left.
You didn't know any spells.
Your spell library was empty.

Dungeon Overview and Level Annotations

Branches:
Dungeon (1/15)

Altars:
Sif Muna


Innate Abilities, Weirdness & Mutations

You are partially covered in sharp spines.


Message History

f - 30 stones 2 jackals come into view.
The jackal barks! x2; You hear a shout!
The jackal moves out of view. x2
Found a faded altar of an unknown god.
A jackal comes into view.
A goblin comes into view. It is wielding a +0 club.
The jackal bites you but does no damage.
You closely miss the jackal. The jackal misses you.
You completely miss the jackal. The jackal barely misses you.
The jackal bites you but does no damage.
You closely miss the jackal. You hit the jackal.
You kill the jackal!
The jackal bites you.
You miss the jackal.
The jackal bites you but does no damage. x2
You miss the jackal.
The jackal bites you but does no damage.
You hit the jackal.
You kill the jackal!
You have reached level 2!
Your demonic ancestry asserts itself...
Sharp spines emerge from parts of your body.
You puncture the jackal!
You kill the jackal!
You hit the goblin.
You kill the goblin!
Found a robe.
Things that are here:
a +0 club; a jackal corpse; a jackal corpse
There is a faded altar of an unknown god here.
You cannot tell which god this altar belongs to.
Convert to them anyway?
Okay, then.
There is a faded altar of an unknown god here.
You cannot tell which god this altar belongs to.
Convert to them anyway?
Sif Muna accepts your prayer! Sif Muna welcomes you!
You can now call upon Sif Muna for magical energy.
Are you sure you want to abandon this character and quit the game? (Confirm with "yes".)

#.......##.###.##
#.#####.##.# #.#
#.# #)##.# #.#
#)# ###.##.# #..
##.##....##.# ###
###........##.#
#####⌠...⌠#.##.#
..........#.##.#
####[..@........
##.......##.
#..⌠.⌠..#
##.........
#......###
###.##.# .# .# .#
#


There were no monsters in sight!

Vanquished Creatures
  A dart slug (D:1)
  2 goblins (D:1)
  A hobgoblin (D:1)
  3 jackals (D:1)
7 creatures vanquished.

Notes
Turn   | Place    | Note
-------+----------+-------------------------------------------
     0 | D:1      | AZSletch the Demonspawn Gladiator began the quest for the
                  | Orb.
     0 | D:1      | Reached XP level 1. HP: 16/16 MP: 1/1
    49 | D:1      | Found a faded altar of an unknown god.
    58 | D:1      | Gained mutation: You are partially covered in sharp spines.
                  | [demonic ancestry]
    58 | D:1      | Reached XP level 2. HP: 17/22 MP: 2/2
    68 | D:1      | Became a worshipper of Sif Muna the Loreminder
    68 | D:1      | Reached * piety under Sif Muna
    69 | D:1      | Quit the game

Illustrated notes

Levels and vault maps discovered:
D:1:      sevenhm_arrival_forest_fort_small_6, layout_loops_ring,
          hellmonk_ecumenical_altar_run_dry, lemuel_flame_loot_1

Action                   || total
-------------------------++-------
Melee: Trident           ||    20
Armor: Scale mail        ||     8
       Leather armour    ||     1
Dodge: Dodged            ||     5
